 Dungeon Crawl Stone Soup version 0.23.2-1-ga50397a (webtiles) character file.

Game seed: 4792376493472400168

268997 kolakolka the Hoplite (level 19, -3/174 HPs)
             Began as a Minotaur Fighter on May 12, 2019.
             Was an Elder of Qazlal.
             Killed from afar by a starcursed mass (10 damage)
             ... with an accursed screaming
             ... on level 2 of the Abyss on May 18, 2019.
             The game lasted 03:01:57 (34247 turns).

kolakolka the Hoplite (Minotaur Fighter)           Turns: 34247, Time: 03:01:58

Health: -3/174     AC: 38    Str: 36    XL:     19   Next: 39%
Magic:  26/29      EV:  9    Int:  5    God:    Qazlal [****..]
Gold:   2088       SH: 29    Dex: 15    Spells: 18/18 levels left

rFire    . . .     SeeInvis .   L - +3 eveningstar (protect)
rCold    + . .     Gourm    .   c - +5 shield
rNeg     . . .     Faith    +   r - +4 plate armour
rPois    +         Spirit   .   P - +2 hat
rElec    .         Reflect  .   M - +2 cloak {rPois}
rCorr    .         Harm     .   (no gloves)
MR       +....                  j - +2 pair of boots
Stlth    ..........             y - amulet of faith
HPRegen  0.39/turn              H - ring of Nekk {rC+ AC+2 Str+4 Dex+3}
MPRegen  0.21/turn              s - +5 ring of strength

@: protection aura, repel missiles
A: retaliatory headbutt, horns 2
}: 2/15 runes: decaying, serpentine
a: Upheaval, Elemental Force, Renounce Religion


You were on level 2 of the Abyss.
You worshipped Qazlal.
Qazlal was greatly pleased with you.
You were hungry.

You visited 7 branches of the dungeon, and saw 33 of its levels.
You visited the Abyss 1 time.
You also visited: Ossuary and Bailey.

You collected 4608 gold pieces.
You spent 2520 gold pieces at shops.

Inventory:

Hand Weapons
 x - the +7 great mace "Undeadhunter" {disrupt, rN+}
   (You found it on level 4 of the Swamp)

   It protects you from negative energy.
 L - a +3 eveningstar of protection (weapon)
 N - a +6 demon whip of electrocution
Armour
 c - a +5 shield (worn)
 j - a +2 pair of boots (worn)
 r - a +4 plate armour (worn)
 M - a +2 cloak of poison resistance (worn)
 P - a +2 hat (worn)
Jewellery
 l - an uncursed ring of protection from magic
 s - a +5 ring of strength (right hand)
 y - an amulet of faith (around neck)
 F - an uncursed ring of positive energy
 G - an uncursed ring of resist corrosion
 H - the ring of Nekk (left hand) {rC+ AC+2 Str+4 Dex+3}
   (You bought it in a shop on level 2 of the Orcish Mines)

   [ring of protection]

   It affects your AC (+2).
   It affects your strength (+4).
   It affects your dexterity (+3).
   It protects you from cold.
 I - an uncursed ring of protection from magic
 Q - an uncursed amulet of the acrobat
 S - a +2 ring of protection
 T - a +6 ring of intelligence
 Z - an uncursed ring of protection from cold
Wands
 o - a wand of flame (23)
 p - a wand of paralysis (7)
 z - a wand of clouds (6)
 C - a wand of polymorph (22)
 D - a wand of random effects (81)
 R - a wand of digging (8)
 U - a wand of disintegration (40)
 V - a wand of acid (30)
 W - a wand of iceblast (15)
Scrolls
 a - a scroll of silence
 e - 11 scrolls of remove curse
 g - 14 scrolls of teleportation
 h - 6 scrolls of amnesia
 m - 2 scrolls of fog
 n - 16 scrolls of identify
 w - 5 scrolls of fear
 J - 4 scrolls of magic mapping
Potions
 b - 4 potions of brilliance
 d - 7 potions of might
 i - 4 potions of haste
 k - a potion of ambrosia
 q - 4 potions of cancellation
 t - 6 potions of mutation
 u - 13 potions of curing
 v - a potion of resistance
 A - 6 potions of lignification
 B - 3 potions of heal wounds
 E - 2 potions of berserk rage
 K - a potion of agility
 O - a potion of flight
Comestibles
 f - 85 rations


   Skills:
 + Level 16.4 Fighting
 + Level 19.4 Maces & Flails
 + Level 13.7 Armour
 - Level 1.6 Dodging
 + Level 2.2 Stealth
 + Level 22.4 Shields
 * Level 15.6 Invocations


You had 18 spell levels left.
You didn't know any spells.
Your spell library contained the following spells:

 Spells                   Type           Power        Failure   Level  Hunger
 Confusing Touch          Hex            #.....       93%         1    ##.....
 Corona                   Hex            #......      93%         1    ##.....
 Flame Tongue             Conj/Fire      #....        93%         1    ##.....
 Sandblast                Erth           #.....       93%         1    ##.....
 Ensorcelled Hibernation  Hex/Ice        #.....       98%         2    ###....
 Passwall                 Tmut/Erth      #.......     98%         2    ###....
 Confuse                  Hex            #.......     100%        3    ####...
 Dazzling Spray           Conj/Hex       #.....       100%        3    ####...
 Gell's Gravitas          Tloc           #.........   100%        3    ####...
 Stone Arrow              Conj/Erth      #.....       100%        3    ####...
 Tukima's Dance           Hex            #.......     100%        3    ####...
 Force Lance              Conj/Tloc      #.......     100%        4    #####..
 Ice Form                 Ice/Tmut       #.......     100%        4    #####..
 Petrify                  Tmut/Erth      #.......     100%        4    #####..
 Bolt of Draining         Conj/Necr      #.........   100%        5    ######.
 Irradiate                Conj/Tmut      #.........   100%        5    ######.
 Metabolic Englaciation   Hex/Ice        #.........   100%        5    ######.
 Venom Bolt               Conj/Pois      #.........   100%        5    ######.
 Yara's Violent Unravell  Hex/Tmut       #.........   100%        5    ######.
 Bolt of Cold             Conj/Ice       #.........   100%        6    #######
 Freezing Cloud           Conj/Ice/Air   #.........   100%        6    #######
 Iron Shot                Conj/Erth      #.........   100%        6    #######
 Ozocubu's Refrigeration  Ice            #.........   100%        6    #######
 Simulacrum               Ice/Necr       #.........   100%        6    #######
 Statue Form              Tmut/Erth      #........    100%        6    #######


Dungeon Overview and Level Annotations

Branches:
Dungeon (15/15)            Temple (1/1) D:4            Lair (6/6) D:10
  Swamp (4/4) Lair:3        Snake (4/4) Lair:2        Slime (0/5) Lair:5
    Orc (2/2) D:12            Elf (1/3) Orc:2        Vaults (0/5) D:14
 Depths (0/5) D:15

Altars:
Ashenzari
Cheibriados
Dithmenos
Elyvilon
Fedhas
Gozag
Hepliaklqana
Kikubaaqudgha
Makhleb
Nemelex Xobeh
Okawaru
Qazlal
Ru
Sif Muna
Trog
Uskayaw
Vehumet
Wu Jian
Xom
Yredelemnul
Zin
The Shining One
Beogh
Jiyva

Shops:
D:5 [   D:13 [   D:14 !*[   Orc:2 =(*   Snake:3 =

Annotations:
D:9 exclusion: ice statue


Innate Abilities, Weirdness & Mutations

You reflexively headbutt those who attack you in melee.
You have a pair of horns on your head.


Message History

A large abomination comes into view.
You sock the large abomination!
Your weapon exudes an aura of protection.
Your headbutt misses the large abomination.
The large abomination is lightly damaged.
You block the large abomination's attack.
You hit the large abomination.
The large abomination is moderately damaged.
You block the large abomination's attack.
Your plate armour prevents you from hitting the large abomination.
You headbutt the large abomination.
The large abomination is moderately damaged.
A starcursed mass splits.
You hit the large abomination. You headbutt the large abomination.
The large abomination is heavily damaged.
You block the large abomination's attack.
You hit the large abomination.
The large abomination is heavily damaged.
A deafening chorus of shrieks assaults your mind!
You die...

...# # .#.. ####.
.#... #.#.# .....
...#.....# ##
..#°... ..## ###.°.#
. . ..##.#@X.# ...#.
#.#..#.##...... .#.
#..XX## .#... ... ##
#XX# # # #.#..#
###.#.#### ..)
.####....X...# ..
##.X#5#X#.##.# . .
.4.. .#.X###..#
X....##..........#.#


You could see 5 starcursed masses, a large abomination and an iron imp.

Vanquished Creatures
  Mara (Swamp:4)
  the Lernaean hydra (Swamp:4)
  Vashnia (Snake:4)
  Nikola (Swamp:4)
  A bone dragon (Abyss:2)
  2 tentacled monstrosities
  3 tentacled starspawn (Abyss:2)
  Kirke (Lair:4)
  7 nagarajas
  Gastronok (Lair:1)
  Roxanne (Swamp:4)
  Donald (Swamp:4)
  A draconian stormcaller (Abyss:2)
  2 orc warlords (Orc:1)
  A deep elf elementalist (Abyss:2)
  Aizul (Snake:4)
  A stone giant (Orc:1)
  A deep elf demonologist (Elf:1)
  Azrael (D:13)
  Snorg (Lair:4)
  The ghost of xveg the Whirler, a journeyman HaHu of Gozag (Lair:1)
  A deep elf high priest (Elf:1)
  A yaktaur captain (D:15)
  21 hydras
  A shambling mangrove (Swamp:2)
  4 vault guards (D:14)
  6 ghost crabs
  Harold (Orc:1)
  15 naga warriors
  Erolcha (D:13)
  2 catoblepae
  3 centaur warriors
  5 two-headed ogres
  10 alligators
  5 dancing weapons (Elf:1)
  11 anacondas
  3 large abominations
  An ogre mage (D:13)
  A tengu warrior (D:15)
  11 shock serpents
  Urug (Orc:2)
  19 naga sharpshooters
  2 thrashing horrors (Abyss:2)
  An orc high priest (Orc:2)
  Sonja (Lair:3)
  6 small abominations
  4 salamander mystics
  3 skeletal warriors (D:15)
  Nergalle (Lair:3)
  6 deep elf knights
  3 unseen horrors
  5 spriggan druids
  3 naga ritualists
  10 swamp dragons
  3 deep elf archers (Elf:1)
  A harpy (shapeshifter) (D:10)
  2 wizards
  6 orc knights
  An orb spider (shapeshifter) (D:15)
  12 deep elf magi (Elf:1)
  10 orc sorcerers
  8 mana vipers
  2 cyclopes
  13 salamanders
  2 oklob plants
  6 elephants
  18 ugly things
  25 slime creatures
  3 manticores
  An orange demon (Abyss:2)
  6 guardian serpents
  2 smoke demons (Abyss:2)
  45 black mambas
  A gargoyle (D:14)
  4 apocalypse crabs (Swamp:1)
  Maurice (D:8)
  Psyche (D:9)
  16 naga magi
  A hellion (Abyss:2)
  14 spiny frogs
  An efreet (D:15)
  A rime drake (Lair:5)
  A yaktaur (D:15)
  7 komodo dragons
  An ancient zyme (Abyss:2)
  A queen bee (Lair:3)
  A queen bee (shapeshifter) (Elf:1)
  A tengu conjurer (D:14)
  A polar bear (shapeshifter) (D:15)
  15 polar bears
  A meliai (shapeshifter) (D:13)
  5 hornets
  A harpy skeleton (Abyss:2)
  7 trolls
  10 tyrant leeches
  13 blink frogs
  An alligator zombie (Abyss:2)
  2 raiju (Lair:6)
  15 bog bodies
  9 hippogriffs
  An air elemental (Elf:1)
  A meliai zombie (D:14)
  2 spriggans
  38 yaks
  A vampire (D:14)
  A ynoxinul (Abyss:2)
  2 flying skulls (Abyss:2)
  8 starcursed masses (Abyss:2)
  A water elemental (Elf:1)
  2 wraiths
  4 shadows
  3 fire elementals (D:13)
  5 basilisks
  2 humans (D:14)
  Eustachio (D:5)
  2 neqoxecs (Abyss:2)
  A hungry ghost (D:10)
  A chaos spawn (Abyss:2)
  4 insubstantial wisps (Swamp:1)
  Menkaure (D:6)
  13 vampire mosquitoes
  19 swamp worms
  An acid dragon (D:15)
  15 water moccasins
  73 nagas
  13 wargs
  11 porcupines
  Duvessa (D:7)
  18 hell hounds
  3 sky beasts
  17 ice beasts
  22 black bears
  An eye of draining (D:15)
  17 swamp drakes
  46 orc warriors
  18 wolves
  3 phantoms
  8 ogres
  15 crocodiles
  13 centaurs
  3 big kobolds
  15 bullfrogs
  2 earth elementals
  Dowan (D:7)
  3 scorpions
  28 killer bees
  18 wights
  7 electric eels
  A howler monkey (D:8)
  4 jellies
  7 crimson imps
  27 orc priests
  A quasit (Abyss:2)
  4 bullfrog zombies
  7 centaur zombies
  6 bullfrog skeletons
  2 centaur skeletons
  3 hounds
  An iron imp (Abyss:2)
  Jessica (D:2)
  Natasha (thrice) (D:2)
  3 iguanas
  6 hell rats (Lair:6)
  35 orc wizards
  11 worker ants
  3 big kobold zombies (Ossuary)
  A hound skeleton (D:8)
  A mummy (Ossuary)
  2 worker ant zombies
  16 adders
  9 gnolls
  3 shadow imps
  An ufetubus (Abyss:2)
  2 oozes
  An adder skeleton (D:7)
  3 adder zombies
  2 worms
  3 dart slugs
  10 leopard geckos
  101 orcs
  4 spectral bats (Ossuary)
  4 bat simulacra (Ossuary)
  4 giant cockroaches
  9 gnoll zombies (Ossuary)
  17 goblins
  14 hobgoblins
  4 jackals (D:6)
  8 quokkas
  3 ball pythons
  5 bats
  3 frilled lizards
  A giant cockroach zombie (D:5)
  5 goblin simulacra (Ossuary)
  6 goblin zombies (Ossuary)
  8 hobgoblin zombies (Ossuary)
  A jackal zombie (D:5)
  33 kobolds
  3 kobold simulacra (Ossuary)
  2 kobold zombies (Ossuary)
  A leopard gecko skeleton (D:5)
  2 orc zombies (Ossuary)
  9 rats
  2 rat simulacra (Ossuary)
  2 spectral goblins (Ossuary)
  3 spectral kobolds (Ossuary)
  2 spectral rats (Ossuary)
  2 bushes
  A crawling corpse (Elf:1)
  2 fungi (Swamp:4)
  5 plants
  2 starspawn tentacles (Abyss:2)
1429 creatures vanquished.

Vanquished Creatures (collateral kills)
  A salamander (Snake:4)
  A naga mage (Snake:4)
  A polar bear (Lair:6)
  A warg (Lair:6)
  A naga (Snake:4)
  An orc warrior (Bailey)
  A wolf (Lair:6)
  8 kobolds (Bailey)
15 creatures vanquished.

Vanquished Creatures (others)
  An alligator (Swamp:4)
  A mana viper (Snake:3)
  A troll (Orc:2)
  A blink frog (Lair:4)
  2 humans (Lair:4)
  A water moccasin (Lair:4)
  An orc (Elf:1)
  8 fungi
  17 plants
  4 starspawn tentacles (Abyss:2)
37 creatures vanquished.

Grand Total: 1481 creatures vanquished

Notes
Turn   | Place    | Note
-------+----------+-------------------------------------------
     0 | D:1      | kolakolka the Minotaur Fighter began the quest for the Orb.
     0 | D:1      | Reached XP level 1. HP: 19/19 MP: 0/0
    98 | D:1      | Reached XP level 2. HP: 24/27 MP: 1/1
   104 | D:1      | Reached skill level 4 in Shields
   706 | D:2      | Reached XP level 3. HP: 33/33 MP: 2/2
   715 | D:2      | Noticed Natasha
   726 | D:2      | Killed Natasha
   917 | D:2      | Reached skill level 1 in Dodging
   954 | D:2      | Reached XP level 4. HP: 40/40 MP: 3/3
   955 | D:2      | Found a stormy altar of Qazlal.
   958 | D:2      | Found an ancient bone altar of Kikubaaqudgha.
   966 | D:2      | Found an ornate altar of the Wu Jian Council.
   967 | D:2      | Found an opulent altar of Gozag.
   990 | D:2      | Became a worshipper of Qazlal Stormbringer
  1047 | D:2      | Noticed Natasha
  1056 | D:2      | Killed Natasha
  1080 | D:2      | Noticed Natasha
  1089 | D:2      | Killed Natasha
  1274 | D:2      | Reached XP level 5. HP: 38/46 MP: 4/4
  1399 | D:2      | Reached skill level 5 in Shields
  1407 | D:2      | You fall through a shaft!
  1425 | D:3      | Found a glowing golden altar of the Shining One.
  1556 | D:2      | Found a basalt altar of Yredelemnul.
  1592 | D:2      | Noticed Jessica
  1601 | D:2      | Killed Jessica
  1851 | D:3      | Reached skill level 1 in Invocations
  1976 | D:3      | Reached * piety under Qazlal
  2150 | D:3      | Reached XP level 6. HP: 35/53 MP: 5/5
  2327 | D:4      | Found a staircase to the Ecumenical Temple.
  2343 | D:4      | Reached skill level 5 in Maces & Flails
  2368 | Temple   | Entered the Ecumenical Temple
  3202 | D:5      | Entered Level 5 of the Dungeon
  3330 | D:5      | Found Jompui's Antique Armour Boutique.
  3354 | D:5      | Bought an embroidered cloak for 165 gold pieces
  3409 | D:5      | Reached skill level 5 in Armour
  3417 | D:5      | Reached XP level 7. HP: 53/60 MP: 7/7
  3523 | D:5      | Noticed Eustachio
  3536 | D:5      | Killed Eustachio
  3536 | D:5      | Reached skill level 6 in Shields
  3668 | D:5      | Reached ** piety under Qazlal
  3763 | D:5      | Found a deep blue altar of Sif Muna.
  3789 | D:5      | Reached XP level 8. HP: 57/67 MP: 8/8
  4167 | D:6      | Reached skill level 5 in Fighting
  4167 | D:6      | Reached skill level 7 in Shields
  4232 | D:6      | Found a shimmering altar of Xom.
  4509 | D:6      | Noticed Menkaure
  4789 | D:6      | Reached skill level 8 in Shields
  5046 | D:6      | Killed Menkaure
  5046 | D:6      | Reached XP level 9. HP: 66/74 MP: 5/11
  5054 | D:6      | HP: 3/74 [orc priest/divine providence (14)]
  5513 | D:7      | Noticed Dowan
  5517 | D:7      | Found a sand-covered staircase.
  5524 | D:7      | Killed Dowan
  5540 | D:7      | Noticed Duvessa
  5550 | D:7      | Killed Duvessa
  5587 | Ossuary  | Entered an ossuary
  5613 | Ossuary  | Reached *** piety under Qazlal
  5910 | Ossuary  | Reached **** piety under Qazlal
  6576 | D:8      | Found a shadowy altar of Dithmenos.
  6590 | D:8      | Reached skill level 9 in Shields
  6741 | D:8      | Noticed a cyclops
  6753 | D:8      | Killed a cyclops
  6757 | D:8      | Reached skill level 10 in Maces & Flails
  6768 | D:8      | Noticed Maurice
  6780 | D:8      | Reached skill level 5 in Invocations
  6810 | D:8      | Killed Maurice
  7084 | D:8      | Found a flagged portal.
  7093 | Bailey   | Entered a bailey
  7170 | Bailey   | Reached XP level 10. HP: 84/84 MP: 8/12
  7175 | Bailey   | Noticed an orc knight
  7185 | Bailey   | Killed an orc knight
  7190 | Bailey   | Reached skill level 10 in Shields
  7587 | D:9      | Noticed Psyche
  7599 | D:9      | Killed Psyche
  8708 | D:9      | Noticed an ice statue
  8807 | D:10     | Entered Level 10 of the Dungeon
  8823 | D:10     | Noticed an elephant
  8833 | D:10     | Killed an elephant
  8833 | D:10     | Reached skill level 11 in Shields
  8833 | D:10     | Reached XP level 11. HP: 81/92 MP: 13/15
  8919 | D:10     | Noticed a two-headed ogre
  8930 | D:10     | Killed a two-headed ogre
  8954 | D:10     | Reached ***** piety under Qazlal
  9022 | D:10     | Killed an unseen horror
  9436 | D:10     | Found a staircase to the Lair.
  9775 | D:11     | Reached skill level 12 in Shields
  9783 | D:11     | Noticed a two-headed ogre
  9827 | D:10     | Killed a two-headed ogre
  9827 | D:10     | Noticed a harpy
  9836 | D:10     | Killed a harpy
 10056 | D:11     | Noticed a two-headed ogre
 10071 | D:11     | Killed a two-headed ogre
 10496 | D:12     | Reached XP level 12. HP: 103/103 MP: 17/17
 10517 | D:12     | Noticed a two-headed ogre
 10528 | D:12     | Killed a two-headed ogre
 10565 | D:12     | Reached skill level 13 in Shields
 10574 | D:12     | Reached ****** piety under Qazlal
 10631 | D:12     | Found a staircase to the Orcish Mines.
 10667 | D:12     | Found a roughly hewn altar of Beogh.
 11422 | Orc:1    | Entered Level 1 of the Orcish Mines
 11929 | Orc:1    | Noticed Harold
 11939 | Orc:1    | Killed Harold
 11974 | Orc:1    | Noticed an orc warlord
 12000 | Orc:1    | Noticed an orc warlord
 12021 | Orc:1    | Killed an orc warlord
 12021 | Orc:1    | Reached skill level 14 in Shields
 12029 | Orc:1    | Reached XP level 13. HP: 57/111 MP: 5/19
 12031 | Orc:1    | Killed an orc warlord
 12160 | Orc:1    | Identified the +1 war axe "Igashab" {chop, *Noise rElec
                  | Dex+3}
 12677 | Orc:2    | Entered Level 2 of the Orcish Mines
 12694 | Orc:2    | Noticed Urug
 12695 | Orc:2    | Paralysed by an orc sorcerer for 4 turns
 13560 | Orc:2    | Noticed a stone giant
 13561 | Orc:2    | Killed Urug
 13583 | Orc:1    | Killed a stone giant
 14221 | Orc:2    | Found a staircase to the Elven Halls.
 14323 | Orc:2    | Reached skill level 1 in Stealth
 14399 | Orc:2    | Reached skill level 15 in Maces & Flails
 14453 | Orc:2    | Reached skill level 10 in Armour
 14453 | Orc:2    | Reached skill level 10 in Invocations
 14459 | Orc:2    | Reached skill level 10 in Fighting
 14712 | Orc:2    | Found Paeqil's Food Shoppe.
 14712 | Orc:2    | Found Arghesyib's Weapon Emporium.
 14713 | Orc:2    | Found Hugeb's General Store.
 14719 | Orc:2    | Found Gyok's Jewellery Shoppe.
 14728 | Orc:2    | Bought the ring of Nekk {rC+ AC+2 Str+4 Dex+3} for 541 gold
                  | pieces
 14728 | Orc:2    | Bought a cursed ring of attention for 63 gold pieces
 14728 | Orc:2    | Bought a cursed -2 ring of intelligence for 28 gold pieces
 14740 | Orc:2    | Bought a ration for 50 gold pieces
 14740 | Orc:2    | Bought a ration for 50 gold pieces
 14740 | Orc:2    | Bought a ration for 50 gold pieces
 14740 | Orc:2    | Bought a ration for 50 gold pieces
 14740 | Orc:2    | Bought a ration for 50 gold pieces
 14740 | Orc:2    | Bought a ration for 50 gold pieces
 14740 | Orc:2    | Bought a ration for 50 gold pieces
 14740 | Orc:2    | Bought a ration for 50 gold pieces
 14740 | Orc:2    | Bought a ration for 50 gold pieces
 14740 | Orc:2    | Bought a ration for 50 gold pieces
 14740 | Orc:2    | Bought a ration for 50 gold pieces
 14740 | Orc:2    | Bought a ration for 50 gold pieces
 15275 | D:13     | Noticed Azrael
 15296 | D:13     | Killed Azrael
 15308 | D:13     | Reached skill level 15 in Shields
 15398 | D:13     | Noticed a war gargoyle
 15398 | D:13     | Noticed a deep elf annihilator
 15696 | D:13     | Noticed Erolcha
 15709 | D:13     | Killed Erolcha
 15894 | D:13     | Found Xiwniddau's Armour Shop.
 16401 | D:13     | Reached XP level 14. HP: 88/122 MP: 20/20
 16661 | D:14     | Found Weavun's Assorted Antiques.
 16694 | D:14     | Bought a potion of heal wounds for 115 gold pieces
 16842 | D:14     | Reached skill level 16 in Shields
 16914 | D:14     | Found a gate to the Vaults.
 17057 | D:14     | Found Keish's Food Emporium.
 17073 | D:14     | Bought a ration for 60 gold pieces
 17073 | D:14     | Bought a ration for 60 gold pieces
 17073 | D:14     | Bought a ration for 60 gold pieces
 17073 | D:14     | Bought a ration for 60 gold pieces
 17073 | D:14     | Bought a ration for 60 gold pieces
 17073 | D:14     | Bought a ration for 60 gold pieces
 17073 | D:14     | Bought a ration for 60 gold pieces
 17073 | D:14     | Bought a ration for 60 gold pieces
 17073 | D:14     | Bought a ration for 60 gold pieces
 17073 | D:14     | Bought a ration for 60 gold pieces
 17073 | D:14     | Bought a ration for 60 gold pieces
 17073 | D:14     | Bought a ration for 60 gold pieces
 17073 | D:14     | Bought a ration for 60 gold pieces
 17209 | D:14     | Found Iqeok's Armour Boutique.
 17279 | D:14     | Found Mileso Nuoj's Distillery.
 17286 | D:14     | Bought a potion of heal wounds for 95 gold pieces
 17286 | D:14     | Bought a potion of heal wounds for 95 gold pieces
 17371 | D:15     | Entered Level 15 of the Dungeon
 17739 | D:15     | Paralysed by a wizard for 4 turns
 18228 | D:15     | Found a staircase to the Depths.
 18504 | Lair:1   | Entered Level 1 of the Lair of Beasts
 18738 | Lair:1   | Noticed Gastronok
 18751 | Lair:1   | Killed Gastronok
 18875 | Lair:1   | Found a sacrificial altar of Ru.
 18953 | Lair:1   | Found a runed translucent gate.
 18954 | Lair:1   | Found a runed translucent gate.
 18956 | Lair:1   | Found a runed translucent gate.
 18957 | Lair:1   | Noticed xveg's ghost (journeyman HaHu)
 18974 | Lair:1   | Killed xveg's ghost
 19259 | Lair:2   | Reached XP level 15. HP: 132/132 MP: 22/22
 19402 | Lair:2   | Found a staircase to the Snake Pit.
 19603 | Lair:2   | Found an ornate altar of the Wu Jian Council.
 20084 | Lair:3   | Noticed Sonja
 20095 | Lair:3   | Killed Sonja
 20095 | Lair:3   | Reached skill level 17 in Shields
 20343 | Lair:3   | Noticed Nergalle
 20361 | Lair:3   | Killed Nergalle
 20748 | Lair:3   | Found a staircase to the Swamp.
 20790 | Lair:3   | Identified 3 scrolls of acquirement
 21353 | Lair:4   | Found a blossoming altar of Fedhas.
 21497 | Lair:4   | Noticed Kirke
 21505 | Lair:4   | Killed Kirke
 21519 | Lair:4   | Noticed Snorg
 21528 | Lair:4   | Killed Snorg
 22172 | Lair:5   | Found a staircase to the Slime Pits.
 22173 | Lair:5   | Found a viscous altar of Jiyva.
 23159 | Lair:6   | Entered Level 6 of the Lair of Beasts
 23175 | Lair:6   | Reached skill level 18 in Shields
 23461 | Lair:6   | Found a sacrificial altar of Ru.
 24025 | Lair:6   | Reached XP level 16. HP: 108/143 MP: 18/24
 24391 | Swamp:1  | Entered Level 1 of the Swamp
 24543 | Swamp:1  | Noticed a tentacled monstrosity
 24560 | Swamp:1  | Killed a tentacled monstrosity
 24861 | Swamp:1  | Found a runed translucent door.
 25090 | Swamp:1  | Identified the Reference Book on Confrontation
 25438 | Swamp:2  | Reached skill level 19 in Shields
 27247 | Swamp:4  | Entered Level 4 of the Swamp
 27349 | Swamp:4  | Noticed Mara
 27351 | Swamp:4  | Noticed kolakolka's illusion
 27725 | Swamp:4  | Killed Mara
 27725 | Swamp:4  | Reached XP level 17. HP: 106/152 MP: 26/26
 27755 | Swamp:4  | Noticed Nikola
 28187 | Swamp:4  | Killed Nikola
 28201 | Swamp:4  | Noticed Donald
 28214 | Swamp:4  | Killed Donald
 28241 | Swamp:4  | Noticed a tentacled monstrosity
 28251 | Swamp:4  | Killed a tentacled monstrosity
 28434 | Swamp:4  | Found the +7 great mace "Undeadhunter" {disrupt, rN+}
 28542 | Swamp:4  | Got a pair of faintly humming gloves
 28543 | Swamp:4  | Identified the +2 pair of gloves of the World {rElec rPois
                  | Str-2 Int-4 Dex+6} (You found it on level 4 of the Swamp)
 28556 | Swamp:4  | Reached skill level 20 in Shields
 28607 | Swamp:4  | Noticed the 27-headed Lernaean hydra
 28616 | Swamp:4  | Killed the 27-headed Lernaean hydra
 28640 | Swamp:4  | Got a decaying rune of Zot
 28811 | Swamp:4  | Identified Roxanne's Compendium of Stones
 28811 | Swamp:4  | Noticed Roxanne
 28824 | Swamp:4  | Killed Roxanne
 29182 | Snake:1  | Entered Level 1 of the Snake Pit
 30363 | Snake:2  | Reached skill level 15 in Fighting
 30495 | Snake:2  | You fall through a shaft!
 30883 | Snake:2  | Reached XP level 18. HP: 119/163 MP: 10/27
 31095 | Snake:3  | Reached skill level 21 in Shields
 31637 | Snake:3  | Found Ajerelae's Jewellery Emporium.
 31647 | Snake:3  | Bought a cursed -3 ring of evasion for 38 gold pieces
 31935 | Snake:4  | Entered Level 4 of the Snake Pit
 31939 | Snake:4  | Noticed Aizul
 31956 | Snake:4  | Killed Aizul
 32563 | Snake:4  | Noticed Vashnia
 32578 | Snake:4  | Killed Vashnia
 32578 | Snake:4  | Reached skill level 15 in Invocations
 32685 | Snake:4  | Found a hazy altar of Hepliaklqana.
 33183 | Snake:4  | Got a serpentine rune of Zot
 33489 | Elf:1    | Entered Level 1 of the Elven Halls
 33585 | Elf:1    | Reached skill level 22 in Shields
 33697 | Elf:1    | Reached XP level 19. HP: 168/172 MP: 29/29
 33820 | Elf:1    | Cast into level 2 of the Abyss (a deep elf demonologist)
 33919 | Abyss:2  | Noticed a bone dragon
 33937 | Abyss:2  | Killed a bone dragon
 34115 | Abyss:2  | Paralysed by accursed screaming for 2 turns
 34234 | Abyss:2  | Paralysed by accursed screaming for 1 turns
 34235 | Abyss:2  | HP: 3/173 [large abomination (9)]
 34247 | Abyss:2  | Killed from afar by a starcursed mass

Skill      XL: |  1  2  3  4  5  6  7  8  9 10 11 12 13 14 15 16 17 18 19 |
---------------+----------------------------------------------------------+-----
Shields        | 4 5 6 8 9 11 12 14 15 16 18 19 20 22 | 22.4
Armour         | 4 5 6 7 8 9 10 11 12 13 | 13.7
Maces & Flails | 3 4 5 6 8 10 11 13 14 15 16 17 18 19 | 19.4
Dodging        | 1 |  1.6
Fighting       | 4 5 6 7 8 9 10 11 13 14 15 16 | 16.4
Invocations    | 1 2 4 5 6 8 9 10 11 12 13 14 15 | 15.6
Stealth        | 1 2 |  2.2

Action                   |  1- 3 |  4- 6 |  7- 9 | 10-12 | 13-15 | 16-18 | 19-21 || total
-------------------------+-------+-------+-------+-------+-------+-------+-------++-------
Melee: Flail             |    86 |   108 |       |       |       |       |       ||   194
       Headbutt          |     7 |    21 |    62 |   131 |   378 |   426 |    62 ||  1087
       Morningstar       |       |    58 |   349 |   569 |   896 |       |       ||  1872
       Eveningstar       |       |       |       |       |   308 |  1395 |   171 ||  1874
       Demon whip        |       |       |       |       |       |    14 |       ||    14
Invok: Upheaval          |       |       |     2 |    18 |     6 |    15 |     6 ||    47
       Elemental Force   |       |       |     1 |       |     1 |     1 |       ||     3
       Disaster Area     |       |       |       |       |     6 |    10 |     2 ||    18
Evoke: Wand              |       |       |    18 |    16 |     1 |       |     1 ||    36
  Use: Scroll            |       |    11 |    20 |     8 |    11 |    10 |     1 ||    61
       Potion            |       |       |       |     5 |       |     1 |     5 ||    11
 Stab: Confused          |       |       |       |       |     2 |     4 |       ||     6
       Petrifying        |       |       |       |       |     1 |       |       ||     1
       Petrified         |       |       |       |       |     1 |       |       ||     1
  Eat: Chunk             |       |     6 |     4 |    13 |    22 |    21 |       ||    66
       Ration            |       |     1 |     2 |     1 |     5 |     4 |       ||    13
Armor: Scale mail        |    28 |    18 |       |       |       |       |       ||    46
       Plate armour      |       |    76 |   118 |   196 |   283 |   397 |    44 ||  1114
Dodge: Dodged            |    31 |    37 |    56 |    75 |   165 |   171 |    17 ||   552
       Deflected         |       |       |    17 |     6 |    27 |    48 |     2 ||   100
Block: Shield            |    53 |   109 |   329 |   580 |  1278 |  1580 |   149 ||  4078
